 Dungeon Crawl Stone Soup version 0.21.1-1-g345015f (webtiles) character file.

1879 teukkam the Grappler (level 8, -8/60 HPs)
             Began as a Troll Monk on June 25, 2018.
             Killed from afar by a wretched star (17 damage)
             ... with an orb of energy
             ... on level 1 of the Abyss.
             The game lasted 00:22:58 (3684 turns).

teukkam the Grappler (Troll Monk)                   Turns: 3684, Time: 00:22:58

Health: -8/60      AC:  6    Str: 27    XL:     8   Next: 91%
Magic:  7/7        EV: 10    Int:  6    God:
Gold:   102        SH:  0    Dex: 12    Spells: 7/7 levels left

rFire    . . .     SeeInvis .     - Unarmed
rCold    + . .     Gourm    +   (no shield)
rNeg     . . .     Faith    .   a - +1 robe
rPois    .         Spirit   .   (helmet restricted)
rElec    .         Reflect  .   (no cloak)
rCorr    .         Harm     .   (gloves unavailable)
MR       .....                  (boots unavailable)
Stlth    ++........             (no amulet)
HPRegen  0.60/turn              k - ring of protection from cold
MPRegen  0.10/turn              (no ring)

@: mighty, flying
A: large, unfitting armour, claws 3, fast metabolism 3, [frail 3], gourmand,
regeneration 1, shaggy fur 1, tough skin 2
a: no special abilities


You were on level 1 of the Abyss.
You were very full.

You visited 1 branch of the dungeon, and saw 9 of its levels.
You visited the Abyss 1 time.
You also visited: Sewer.

You collected 102 gold pieces.

Inventory:

Hand Weapons
 b - a +0 blowgun
 p - a +2 whip of electrocution
Missiles
 c - 5 tomahawks (quivered)
 f - 19 poisoned needles
Armour
 a - a +1 robe (worn)
Magical Staves
 y - an uncursed staff of power
Jewellery
 k - a ring of protection from cold (left claw)
 x - an uncursed ring of poison resistance {unknown}
Wands
 t - a wand of digging (13)
 u - a wand of iceblast (10)
 w - a wand of acid (6)
Scrolls
 e - a scroll of noise {unknown}
 i - 2 scrolls of fear {unknown}
 j - 2 scrolls of magic mapping
 l - 3 scrolls of identify {unknown}
 n - 4 scrolls of blinking {unknown}
 o - 2 scrolls of teleportation
Potions
 h - a potion of haste
 s - a potion of might
 v - a potion of lignification {unknown}
Books
 r - a book of Clouds

   Spells                             Type                      Level
   a - Poisonous Vapours              Poison/Air                   2
   b - Mephitic Cloud                 Conjuration/Poison/Air       3
   c - Conjure Flame                  Conjuration/Fire             3
   d - Freezing Cloud                 Conjuration/Ice/Air          6
   e - Ring of Flames                 Charms/Fire                  7
Comestibles
 m - 6 rations


   Skills:
 + Level 7.3 Fighting
 - Level 2.4 Dodging
 - Level 1.0 Stealth
 + Level 8.8 Unarmed Combat


You had 7 spell levels left.
You didn't know any spells.

Dungeon Overview and Level Annotations

Branches:
Dungeon (9/15)
 Temple: D:4-7         Lair: D:8-11         Orc: D:9-12

Altars:
Fedhas
Zin

Annotations:
D:2 Jessica


Innate Abilities, Weirdness & Mutations

You are too large for most types of armour.
You have claws for hands.
Your metabolism is lightning-fast.
You like to eat raw meat.
Your natural rate of healing is unusually fast.
You are covered in fur. (AC +1)
You have very tough skin. (AC +2)
[You are extremely frail. (-30% HP)]


Message History

* * * LOW HITPOINT WARNING * * *
The orb of energy explodes!
You claw the wretched star! Your claw misses the wretched star.
The wretched star is heavily damaged.
It was a potion of flight.
You feel very buoyant.
You fly up into the air.
It was a potion of might.
You feel very mighty all of a sudden.
You mangle the wretched star!!
The wretched star is almost destroyed.
You scratch the wretched star.
The wretched star is almost destroyed.
The wretched star pulses with an eldritch light!
You feel frail. x3
You barely miss the wretched star.
The wretched star is almost destroyed.
The wretched star glows turbulently.
The orb of energy hits you!
You die...

...#.....#.###
.........'...#
#........## #
#......####.#
........## #.###
##..#....#......
#......##......
.......#*......
...#...@#/ ...
.......#.# .....
.+# ..... ..
....[..# #.....#
#. ..# #+#


You could see a wretched star.

Vanquished Creatures
  A wraith (D:7)
  A hungry ghost (D:8)
  A water moccasin (D:7)
  2 sky beasts
  2 ogres
  3 centaurs
  A big kobold (Sewer)
  2 bullfrogs
  A wyvern zombie (D:6)
  2 electric eels (D:6)
  2 crimson imps
  A bullfrog zombie (D:8)
  A jelly (D:8)
  2 hounds
  An orc priest (D:6)
  3 worker ants
  3 iguanas
  A hound skeleton (D:8)
  4 adders
  A howler monkey skeleton (D:7)
  A river rat (Sewer)
  A shadow imp (D:8)
  2 oozes (Sewer)
  An adder zombie (D:6)
  A worm (Sewer)
  9 dart slugs
  2 leopard geckos
  25 orcs
  A giant cockroach (D:6)
  5 hobgoblins
  7 jackals
  5 kobolds
  2 quokkas
  7 ball pythons
  5 bats (D:2)
  A frilled lizard (D:2)
  7 rats
117 creatures vanquished.

Notes
Turn   | Place    | Note
-------+----------+-------------------------------------------
     0 | D:1      | teukkam the Troll Monk began the quest for the Orb.
     0 | D:1      | Reached XP level 1. HP: 22/22 MP: 0/0
   136 | D:1      | Reached XP level 2. HP: 29/29 MP: 1/1
   351 | D:2      | Noticed Jessica
   369 | D:3      | Reached XP level 3. HP: 32/37 MP: 2/2
   476 | D:5      | Entered Level 5 of the Dungeon
   488 | D:5      | Noticed an ogre
   493 | D:5      | Killed an ogre
   493 | D:5      | Reached skill level 4 in Unarmed Combat
   493 | D:5      | Reached XP level 4. HP: 10/48 MP: 3/3
   576 | D:5      | Noticed a centaur
   585 | D:5      | Killed a centaur
   585 | D:5      | Reached XP level 5. HP: 40/54 MP: 4/4
   591 | D:5      | Reached skill level 5 in Unarmed Combat
   768 | D:6      | Reached XP level 6. HP: 57/62 MP: 5/5
   799 | D:6      | Found a blossoming altar of Fedhas.
   886 | D:6      | Found a glowing drain.
   890 | Sewer    | Entered a sewer
  1410 | Sewer    | Reached skill level 6 in Unarmed Combat
  1502 | D:6      | Reached XP level 7. HP: 46/71 MP: 6/6
  1515 | D:6      | Reached skill level 5 in Fighting
  1826 | D:6      | HP: 2/72 [electric eel/bolt of electricity (7)]
  2215 | D:8      | Noticed a hungry ghost
  2245 | D:8      | Killed a hungry ghost
  2245 | D:8      | Reached skill level 7 in Unarmed Combat
  2334 | D:8      | Reached XP level 8. HP: 61/83 MP: 7/7
  2464 | D:8      | Noticed a two-headed ogre
  2699 | D:8      | Noticed a death yak
  2954 | D:7      | Reached skill level 8 in Unarmed Combat
  3626 | D:9      | Found a glowing silver altar of Zin.
  3647 | D:8      | Cast into level 1 of the Abyss (orc)
  3660 | Abyss:1  | Noticed a wretched star
  3684 | Abyss:1  | Killed from afar by a wretched star

Skill      XL: |  1  2  3  4  5  6  7  8 |
---------------+-------------------------+-----
Fighting       | 3 4 6 7 |  7.3
Unarmed Combat | 4 5 6 7 8 |  8.8
Dodging        | |  2.4
Stealth        | |  1.0

Action                   |  1- 3 |  4- 6 |  7- 9 || total
-------------------------+-------+-------+-------++-------
Melee: Unarmed           |    71 |    91 |   179 ||   341
       Punch             |     1 |     2 |     3 ||     6
       Whip              |       |     5 |       ||     5
 Fire: Blowgun           |       |     3 |    30 ||    33
  Use: Scroll            |       |     4 |     1 ||     5
       Potion            |       |       |     6 ||     6
 Stab: Sleeping          |     2 |       |     2 ||     4
  Eat: Chunk             |    10 |     9 |    16 ||    35
       Ration            |       |       |     2 ||     2
Armor: Robe              |    38 |    23 |    46 ||   107
Dodge: Dodged            |    48 |    48 |    72 ||   168
